 Dungeon Crawl Stone Soup version 0.29-a0-753-gb7bb9d756e (webtiles) character file.

Game seed: 3055173532456298834

221 Nattfarinn the Trooper (level 6, -1/47 HPs)
             Began as a Djinni Venom Mage on June 30, 2022.
             Slain by an orc
             ... wielding a +0 hand axe
              (5 damage)
             ... on level 3 of the Dungeon.
             The game lasted 00:04:48 (4354 turns).

Nattfarinn the Trooper (Djinni Venom Mage)          Turns: 4354, Time: 00:04:49

Health: -1/47      AC:  2    Str:  9    XL:     6   Next: 18%
Gold:   164        EV: 13    Int: 16    God:
                   SH:  0    Dex: 14

rFire   + + .      SeeInvis .   p - +2 short sword (drain)
rCold   x . .      Faith    .   (no shield)
rNeg    . . .      Spirit   .   a - +0 robe
rPois   ∞          Reflect  .   (no helmet)
rElec   .          Harm     .   (no cloak)
rCorr   .          Rampage  .   (no gloves)
Will    .....                   (boots unavailable)
Stlth   ++........              (no amulet)
HPRegen 0.15/turn               (no ring)
MPRegen 0.00/turn               (no ring)

@: flying
A: sickness immunity, fire resistance 2, cold vulnerability 1, float, innate
caster, HP casting, extra vitality 1
a: no special abilities


You were on level 3 of the Dungeon.
You visited 1 branch of the dungeon, and saw 3 of its levels.

You collected 164 gold pieces.

Inventory:

Hand Weapons
 p - a +2 short sword of draining (weapon)
Armour
 a - a +0 robe (worn)
Magical Staves
 i - a staff of death
Scrolls
 b - a scroll of teleportation {unknown}
 c - 2 scrolls of fog {unknown}
 h - a scroll of enchant weapon {unknown}
 j - a scroll of fear {unknown}
 l - a scroll of identify {unknown}
 n - a scroll of noise {unknown}
Potions
 d - a potion of haste {unknown}
 e - a potion of cancellation {unknown}
 f - a potion of mutation {unknown}
 g - a potion of flight {unknown}
 k - 2 potions of curing {unknown}
 m - a potion of lignification {unknown}
 o - a potion of ambrosia {unknown}


   Skills:
 * Level 3.8 Fighting
 + Level 3.7 Dodging
 - Level 1.5 Stealth
 + Level 3.2 Spellcasting


You couldn't memorise any spells.
You knew the following spells:

 Your Spells              Type           Power      Damage    Failure   Level
a - Sting                 Tmut/Pois      48%        1d5       4%          1
b - Poisonous Vapours     Pois/Air       24%        N/A       8%          2
c - Mephitic Cloud        Conj/Pois/Air  12%        N/A       14%         3
d - Olgreb's Toxic Radia  Pois           12%        N/A       43%         4
e - Freeze                Ice            48%        1d7       4%          1
f - Wereblood             Tmut           12%        N/A       8%          2
Your spell library was empty.

Dungeon Overview and Level Annotations

Branches:
Dungeon (3/15)

Altars:
Yredelemnul


Innate Abilities, Weirdness & Mutations

You are immune to sickness and miasma.
You are immune to poison.
Your flesh is very heat resistant. (rF++)
You are vulnerable to cold. (rC-)
You float through the air rather than walking.
You learn spells naturally, not from books.
Your magical power is your life essence.
You have superior vitality. (+4 MHP)


Message History

The orc wizard misses you.
The orc shouts!
You hit the orc wizard.
The orc wizard is severely wounded.
The orc wizard closely misses you.
The orc wizard attacks as you move away!
The orc wizard hits you with a +0 dagger.
Things that are here:
a +0 war axe; an orc corpse The orc wizard attacks as you move away!
The orc wizard hits you with a +0 dagger.
The orc wizard casts a spell at you. The magic dart hits you.
Items here: ) [ ††.
Casting: Olgreb's Toxic Radiance (extremely dangerous; 45% risk of failure)
Confirm with . or Enter, or press ? or * to list all spells.
The spell is extremely dangerous to miscast (45% risk of failure)!
Continue anyway?
You begin to radiate toxic energy.
The orc is poisoned.
You kill the orc wizard!
The orc priest is poisoned.
Your toxic aura wanes.
The orc priest calls upon Beogh to heal the orc.
The orc's wounds heal themselves!
Casting: Olgreb's Toxic Radiance (quite dangerous; 43% risk of failure)
Confirm with . or Enter, or press ? or * to list all spells.
The spell is quite dangerous to miscast (43% risk of failure)!
Continue anyway?
You begin to radiate toxic energy.
The orc looks even sicker.
The orc priest looks even sicker.
You closely miss the orc.
The orc is heavily wounded.
The orc priest looks even sicker.
Your toxic aura wanes.
The orc closely misses you.
You closely miss the orc.
The orc is severely wounded.
The orc priest invokes the aid of Beogh against you.
Beogh smites you!
* * * LOW HITPOINT WARNING * * *
The orc barely misses you. The orc hits you with a +0 hand axe.
You die...

# .. # #.#. ####
...######..
o....##.#
.#..##.#.##.####
.......)))oo@..# #
†....#.#.##.##.##.#
.#. #.#.##.......#
...)#####.####
...### #..# ....
#.## ..... #.#
#...$. ####.####
#.......#


You could see an orc priest (very poisoned) and an orc (very poisoned).

Vanquished Creatures
  Natasha (thrice) (D:2)
  An orc wizard (D:3)
  5 gnolls
  A worm (D:2)
  5 orcs (D:3)
  4 ball pythons
  6 endoplasms
  3 giant cockroaches
  4 goblins
  7 hobgoblins
  3 jackals (D:1)
  6 kobolds
  A quokka (D:2)
  8 bats
  A frilled lizard (D:3)
  5 rats
  A spectral goblin (D:1)
64 creatures vanquished.

Vanquished Creatures (others)
  A bush (D:2)
1 creature vanquished.

Grand Total: 65 creatures vanquished

Notes
Turn   | Place    | Note
-------+----------+-------------------------------------------
     0 | D:1      | Nattfarinn the Djinni Venom Mage began the quest for the
                  | Orb.
     0 | D:1      | Nattfarinn set off with the following spells memorised:
                  | Sting, Poisonous Vapours, Mephitic Cloud, Olgreb's Toxic
                  | Radiance.
     0 | D:1      | Reached XP level 1. HP: 15/15 MP: 0/0
   138 | D:1      | Reached skill level 1 in Fighting
   138 | D:1      | Reached XP level 2. HP: 13/22 MP: 0/0
   987 | D:1      | Reached XP level 3. HP: 25/27 MP: 0/0
   987 | D:1      | Learned a level 1 spell: Freeze
  1738 | D:1      | Found a faded altar of an unknown god.
  2146 | D:2      | Reached XP level 4. HP: 20/33 MP: 0/0
  2971 | D:2      | Reached XP level 5. HP: 38/40 MP: 0/0
  2971 | D:2      | Learned a level 2 spell: Wereblood
  3046 | D:2      | Noticed Natasha
  3062 | D:2      | Killed Natasha
  3154 | D:2      | Noticed Natasha
  3168 | D:2      | Killed Natasha
  3886 | D:2      | Found a basalt altar of Yredelemnul.
  4125 | D:2      | Noticed Natasha
  4145 | D:2      | Killed Natasha
  4334 | D:3      | Reached XP level 6. HP: 42/46 MP: 0/0
  4354 | D:3      | Slain by an orc

Illustrated notes

Levels and vault maps discovered:
D:1:      minmay_arrival_stone_box, layout_loops_ring,
          dreamdust_ecumenical_altar_drowned_temple
D:2:      layout_basic, basic_altar, minmay_hedge_maze, minmay_hexomino_c4,
          uniq_natasha
D:3:      minmay_bubble_buster, layout_loops_cross, tso_altar, uniq_sigmund

Skill      XL: |  1  2  3  4  5 |
---------------+----------------+-----
Fighting       | 1 2 3 |  3.8
Dodging        | 3 |  3.7
Spellcasting   | 3 |  3.2
Stealth        | |  1.5

Action                   |  1- 3 |  4- 6 || total
-------------------------+-------+-------++-------
Melee: Unarmed           |     8 |       ||     8
       Staff             |       |     3 ||     3
       Short sword       |       |     5 ||     5
 Cast: Sting             |    81 |    50 ||   131
       Poisonous Vapours |       |    13 ||    13
       Olgreb's Toxic Ra |       |     4 ||     4
Armor: Robe              |    15 |     5 ||    20
Dodge: Dodged            |    40 |    25 ||    65

Table legend: (Time is in decaauts)
 A = Elapsed time spent in this place.
 B = Non-inter-level travel time spent in this place.
 C = Inter-level travel time spent in this place.
 D = Time resting spent in this place.
 E = Time spent auto-exploring this place.
 F = Levels seen in this place.
 G = Mean time per level.
                   A        B        C        D        E       F      G
               +--------+--------+--------+--------+--------+-----+--------+
         Total |   4367 |   4154 |    213 |    401 |   3316 |   3 | 1455.7 |
       Dungeon |   4367 |   4154 |    213 |    401 |   3316 |   3 | 1455.7 |
               +--------+--------+--------+--------+--------+-----+--------+

Top non-repeatable levels by time:
     D:1: 2180 daAuts
     D:2: 2114 daAuts
     D:3: 72 daAuts
